Map: Graystone Ravine

Players

ringelmax - Winner!

  • Race: Zerg Zerg
  • League: Platinum
  • Spawn Location: 5:00

Gracz - Winner!

  • Race: Terran Terran
  • Spawn Location: 3:00

Gedally

  • Race: Zerg Zerg
  • Spawn Location: 9:00

RST

  • Race: Terran Terran
  • Spawn Location: 11:00

VOD

Have the link to the VOD?

Description

Time

  • Played on: April 30, 2016, 12:22 p.m.
  • Length: 17:43
Show
View Real Time Build Order
Export as new Build Order

ringelmax Zerg - Winner!

Build Orders: Hatch First, Muta Ling Bane 

Get SALT Encoding   

  12  0:01  Drone  
  13  0:12  Overlord  
  13  0:17  Drone  
  14  0:30  Drone  
  14  0:31  Drone  
  14  0:35  Drone  
  17  0:50  Drone  
  18  0:58  Hatchery  
  17  1:09  Extractor  
  16  1:13  Spawning Pool  
  16  1:15  Drone  
  16  1:19  Drone  
  17  1:27  Drone  
  18  1:35  Drone  
  19  1:41  Drone  
  20  1:50  Overlord  
  20  2:02  Queen  
  22  2:10  Queen  
  22  2:12  Zergling x2  
  22  2:13  Drone  
  22  2:15  Zergling x2  
  27  2:16  Metabolic Boost  
  27  2:34  Drone  
  28  2:39  Baneling Nest  
  28  2:43  Drone  
  28  2:44  Drone x4  
  32  2:54  Spine Crawler, Overlord  
  31  2:59  Drone  
  31  3:27  Drone x5  
  31  3:28  Drone x4  
  31  3:33  Extractor  
  39  3:34  Extractor  
  39  3:35  Zergling x4, Extractor  
  39  3:41  Lair  
  39  3:44  Zergling x2  
  39  3:46  Baneling x2  
  40  3:50  Zergling x2  
  40  3:55  Zergling x4  
  43  4:04  Zergling x2  
  43  4:05  Overlord x2  
  43  4:39  Overlord x2  
  42  4:49  Overlord x2, Drone x4  
  45  4:53  Roach Warren  
  45  4:55  Evolution Chamber x2  
  45  4:58  Drone x2  
  41  5:03  Drone  
  41  5:04  Drone  
  42  5:15  Drone x2  
  42  5:16  Spire  
  42  5:18  Spore Crawler  
  43  5:21  Drone x3  
  43  5:25  Drone x2  
  47  5:29  Zerg Melee Weapons Level 1, Zerg Ground Armor Level 1  
  47  5:35  Centrifical Hooks  
  47  5:44  Overseer  
  47  5:48  Drone x4  
  51  6:30  Mutalisk x7  
  65  6:44  Mutalisk  
  65  6:46  Zergling x16  
  75  6:53  Hatchery  
  74  7:02  Overseer  
  74  7:25  Overlord, Drone x5  
  74  7:26  Overlord x4  
  79  7:31  Drone  
  80  7:53  Mutalisk x6  
  80  7:54  Mutalisk  
  94  8:09  Mutalisk x2  
  94  8:10  Overlord x2  
  94  8:11  Overlord  
  98  8:26  Mutalisk x2  
  102  8:36  Drone x2  
  102  8:39  Extractor  
  102  8:40  Extractor  
  102  8:47  Zergling x2  
  102  8:48  Zergling x10  
  108  9:04  Drone  
  108  9:05  Drone x6  
  115  9:10  Overlord  
  115  9:11  Overlord  
  113  9:40  Drone x4  
  113  9:41  Queen, Drone x2  
  113  9:45  Zergling x6  
  124  9:49  Zerg Flyer Weapons Level 1  
  124  9:54  Infestation Pit  
  124  9:56  Hatchery  
  120  10:17  Queen  
  114  10:36  Mutalisk x4  
  114  10:37  Mutalisk x8  
  114  10:38  Mutalisk x4  
  146  10:51  Hive  
  146  10:52  Drone x3  
  149  11:34  Zerg Ground Armor Level 2, Zerg Melee Weapons Level 2  
  149  11:47  Pneumatized Carapace  
  149  11:49  Burrow  
  149  12:14  Overlord x4  
  145  12:24  Drone x4  
  145  12:25  Drone x9  
  145  12:26  Overlord x4, Drone x2  
  145  12:27  Overlord  
  160  12:32  Viper x5  
  160  12:33  Extractor  
  160  12:34  Ultralisk Cavern  
  160  12:36  Extractor  
  172  12:43  Evolution Chamber x2  
  170  12:45  Evolution Chamber  
  169  12:53  Spore Crawler  
  169  12:55  Spore Crawler  
  153  13:52  Zerg Melee Weapons Level 3, Zerg Ground Armor Level 3, Chitinous Plating  
  153  14:37  Hatchery  
  153  14:38  Ultralisk x5  
  176  14:39  Ultralisk x3  
  200  14:57  Adrenal Glands  
  200  15:23  Extractor  
  200  15:24  Hatchery  
  200  15:27  Extractor  
  197  15:37  Extractor x2  
  197  15:40  Spine Crawler  
  197  15:42  Spine Crawler x2  
  192  15:51  Spire  
  191  16:00  Spine Crawler, Infestor x4  
  191  16:01  Infestor  
  191  16:02  Spine Crawler  
  191  16:04  Pathogen Glands  
  199  16:17  Drone  
  187  17:07  Drone x11  
Show
View Real Time Build Order
Export as new Build Order

Gracz Terran - Winner!

Build Orders:  

Get SALT Encoding   

  12  0:04  SCV  
  13  0:17  SCV  
  14  0:26  Refinery  
  14  0:28  Refinery  
  14  0:29  SCV  
  15  0:40  Supply Depot  
  15  1:01  SCV  
  16  1:13  SCV  
  16  1:16  Barracks  
  17  1:54  SCV  
  18  2:04  Supply Depot  
  18  2:05  Barracks Reactor  
  18  2:06  SCV  
  18  2:07  Barracks  
  19  2:13  Barracks  
  19  2:17  Factory  
  19  3:01  Barracks Reactor x2  
  19  3:10  Factory x2, Factory Reactor  
  19  3:28  Factory  
  19  3:43  Supply Depot  
  19  3:52  Orbital Command  
  19  4:01  Factory Reactor  
  19  4:04  Factory Reactor  
  19  4:18  Factory Reactor  
  19  4:35  Reaper x5  
  24  4:39  Reaper  
  25  4:48  Supply Depot  
  25  4:51  Hellion  
  29  4:52  Hellion  
  29  5:22  Hellion x3  
  29  5:23  Hellion  
  29  5:27  Reaper x2  
  37  6:22  Starport  
  37  6:29  Starport  
  37  6:32  Starport  
  37  6:49  Command Center  
  37  7:02  Supply Depot  
  37  7:53  Starport Reactor  
  37  7:54  Starport Tech Lab x2  
  37  8:01  Starport  
  37  8:07  Starport  
  37  8:39  Orbital Command  
  37  8:41  Refinery  
  37  8:43  Starport Tech Lab  
  37  9:12  Command Center  
  37  9:23  SCV  
  38  9:25  SCV  
  39  9:35  SCV  
  40  9:46  Refinery  
  40  9:47  Refinery, SCV  
  41  9:53  Refinery  
  41  9:59  SCV  
  36  10:11  SCV  
  26  10:15  Starport Tech Lab  
  26  10:17  Banshee  
  26  10:20  Banshee x2  
  35  10:28  Orbital Command  
  35  10:58  Supply Depot  
  35  11:00  Banshee  
  35  11:03  Banshee x2  
  44  11:15  Banshee  
  47  11:26  SCV  
  48  11:38  SCV x2  
  50  11:42  SCV  
  50  11:43  Banshee  
  50  11:45  Banshee  
  50  11:46  Banshee  
  60  11:50  SCV  
  60  11:51  SCV  
  60  11:54  SCV  
  63  11:58  Banshee  
  66  12:03  SCV  
  66  12:07  SCV  
  68  12:15  SCV  
  69  12:17  Marine  
  69  12:18  Marine x5  
  69  12:19  SCV  
  75  12:26  Banshee  
  75  12:27  SCV  
  75  12:28  Banshee  
  82  12:31  SCV  
  82  12:33  Cloaking Field  
  82  12:35  Marine  
  82  12:36  Marine x5  
  89  12:43  SCV  
  90  12:50  Fusion Core  
  90  12:53  Marine x3  
  93  13:01  Marine, Supply Depot, SCV, Banshee x2  
  101  13:23  Banshee x2  
  107  13:45  Command Center  
  107  13:54  Supply Depot, Banshee x2  
  113  14:02  Hellion  
  129  14:03  Hellion x7  
  129  14:05  Banshee  
  132  14:15  Banshee  
  135  14:23  Hellion  
  135  14:24  Supply Depot  
  137  14:37  Banshee  
  140  14:55  Banshee  
  140  14:56  Battlecruiser  
  140  14:58  Banshee  
  152  15:03  Hyperflight Rotors  
  152  15:12  Orbital Command  
  152  15:20  Banshee  
  155  15:38  Banshee  
  155  15:41  Banshee  
  161  16:00  Banshee  
  161  16:03  Banshee  
Show
View Real Time Build Order
Export as new Build Order

Gedally Zerg 

Build Orders: Hatch First 

Get SALT Encoding   

  12  0:02  Drone  
  13  0:08  Drone  
  14  0:17  Overlord  
  14  0:25  Extractor, Drone  
  15  0:38  Drone x2  
  17  0:47  Drone  
  18  1:02  Hatchery  
  17  1:11  Spawning Pool  
  17  1:14  Drone  
  17  1:17  Drone  
  18  1:23  Overlord  
  18  1:32  Extractor  
  18  1:36  Extractor  
  18  1:37  Drone  
  17  1:45  Drone  
  18  1:59  Evolution Chamber, Queen  
  19  2:03  Overlord x2  
  19  2:29  Drone x2  
  21  2:32  Drone  
  21  2:33  Drone  
  21  2:34  Queen  
  25  2:40  Drone  
  26  2:45  Drone  
  26  2:50  Drone x2  
  30  3:05  Drone x2  
  30  3:08  Drone x2  
  33  3:18  Queen  
  34  3:30  Drone  
  34  3:31  Drone  
  34  3:33  Queen  
  38  3:41  Drone x3  
  41  3:59  Hatchery  
  40  4:11  Roach Warren  
  40  4:13  Queen  
  41  4:17  Queen  
  43  4:27  Drone x3  
  43  4:28  Drone x3  
  49  4:31  Drone  
  49  4:32  Drone x2  
  49  4:36  Zerg Missile Weapons Level 1  
  38  4:57  Queen  
  31  5:04  Drone x2  
  31  5:05  Drone  
  34  5:12  Roach x3  
  40  5:19  Lair  
  40  5:44  Drone x3  
  42  6:07  Drone x5  
  47  6:11  Drone x3  
  47  6:12  Drone x2  
  52  6:24  Extractor  
  51  6:25  Extractor  
  50  6:40  Drone x3  
  53  6:53  Spire  
  52  6:56  Drone x6  
  27  8:00  Queen  
  28  8:13  Corruptor  
  28  8:14  Corruptor x2  
  31  8:38  Corruptor x2  
  28  9:06  Overlord  
  28  9:07  Overlord x3  
Show
View Real Time Build Order
Export as new Build Order

RST Terran 

Build Orders:  

Get SALT Encoding   

  12  0:02  SCV  
  14  0:14  SCV  
  14  0:22  Supply Depot  
  14  0:26  Refinery  
  14  0:30  SCV  
  15  0:51  Barracks  
  15  0:52  SCV  
  16  1:04  SCV  
  16  1:09  Supply Depot  
  17  1:17  Refinery  
  17  1:44  Factory  
  17  1:46  Barracks Tech Lab  
  17  1:52  Supply Depot  
  17  1:57  SCV  
  17  2:09  SCV  
  17  2:10  Marauder  
  20  2:21  SCV  
  21  2:31  Marauder  
  21  2:32  Factory  
  21  2:34  Factory Tech Lab  
  23  2:51  Bunker  
  23  3:00  Marauder  
  25  3:07  Siege Tank  
  28  3:22  Marauder  
  30  3:29  Factory Tech Lab  
  30  3:52  Command Center  
  30  4:20  Engineering Bay  
  30  4:21  Marine  
  31  4:38  Marine  
  31  4:41  Siege Tank  
  35  4:56  Marine  
  36  5:07  SCV  
  37  5:15  Marauder  
  37  5:19  SCV  
  40  5:29  Siege Tank  
  40  5:31  SCV  
  44  5:36  Marauder  
  44  5:38  Hi-Sec Auto Tracking, Sensor Tower  
  46  5:43  SCV  
  47  5:55  SCV  
  48  6:37  Refinery  
  48  6:39  Refinery, SCV  
  49  6:44  Siege Tank  
  52  6:51  SCV  
  53  6:55  Starport  
  53  7:04  SCV  
  54  8:07  Missile Turret  
  54  8:10  Supply Depot  
  54  8:19  Missile Turret  
  54  8:25  Missile Turret  
  54  8:32  SCV, Siege Tank x2  
  61  8:52  Supply Depot, Terran Infantry Weapons Level 1  
  61  8:56  Liberator  
  61  9:02  Supply Depot  
  67  9:22  Missile Turret  
  67  9:32  Starport  
  67  9:42  Cyclone  
  67  9:43  Cyclone  
  70  9:50  Marine  
  71  10:07  Marine  
  71  10:14  Cyclone  
  72  10:16  Cyclone  
  75  10:25  Marine  
  73  10:43  Marine  
  73  10:46  Cyclone  
  77  11:01  Marine  
  72  11:33  Medivac  
  72  11:36  Marine  
  75  11:49  Barracks  
  75  11:52  Cyclone  
  78  12:00  Marine  
  78  12:03  Medivac  
  68  12:38  Barracks Reactor  
  68  12:45  Supply Depot  
  68  13:07  Cyclone  
  68  13:11  Liberator  
  71  13:28  Supply Depot  
  71  13:29  Marine  
  67  13:39  Cyclone  
  64  13:47  Marine  
  62  13:51  Marine x2  
  64  14:04  Marine  
  64  14:09  Marine x2  
  67  14:11  Cyclone  
  67  14:15  Medivac  
  72  14:27  Marine x2  
  74  14:36  Refinery  
  74  14:40  Marine  
  74  14:44  Marine  
  74  14:45  Marine, Medivac  
  79  15:02  Supply Depot  
  79  15:06  Supply Depot  
  79  15:10  Supply Depot  
  79  15:24  Marine  
  79  15:28  Refinery  
  80  15:41  Marine  
  81  15:46  Marine x2  
  83  15:59  Marine  
  84  16:04  Marine x2  
  84  16:17  Marine  
  74  16:22  Marine x2  
Tags
 
Add a new tag
Caveats
  • Supply blocks, unpowered buildings, or Contaminate may cause inaccurate times.
  • Supply counts are checked every 10 seconds.